 Dungeon Crawl Stone Soup version 0.22-a0-407-gb098539 (webtiles) character file.

7 Ijustatesigmund the Sneak (level 1, 0/10 HPs)
             Began as a Spriggan Assassin on May 9, 2018.
             Slain by an adder (4 damage)
             ... on level 2 of the Dungeon.
             The game lasted 00:00:57 (325 turns).

Ijustatesigmund the Sneak (Spriggan Assassin)        Turns: 325, Time: 00:00:58

Health: 0/10       AC:  2    Str:  7    XL:     1   Next: 91%
Magic:  2/2        EV: 17    Int: 12    God:
Gold:   13         SH:  0    Dex: 17    Spells: 0/0 levels left

rFire    + . .     SeeInvis +   a - +2 dagger
rCold    + . .     Gourm    .   (shield restricted)
rNeg     . . .     Faith    .   c - +0 robe
rPois    .         Spirit   .   (helmet restricted)
rElec    .         Reflect  .   i - scarf {rC+ rF+}
rCorr    .         Harm     .   (gloves unavailable)
MR       .....                  (boots unavailable)
Stlth    +++.......             (no amulet)
HPRegen  0.03/turn              (no ring)
MPRegen  0.08/turn              (no ring)

@: lethally poisoned (0 -> -9), very quick
A: very small, unfitting armour, see invisible, herbivore, speed 3, slow
metabolism 2
a: no special abilities


You were on level 2 of the Dungeon.
You were not hungry.

You visited 1 branch of the dungeon, and saw 2 of its levels.

You collected 13 gold pieces.

Inventory:

Hand Weapons
 a - a +2 dagger (weapon)
 b - a +0 blowgun
Missiles
 e - 4 poisoned needles
 f - 2 curare-tipped needles
Armour
 c - a +0 robe (worn)
 d - a +0 cloak
 i - a scarf of resistance (worn)
Scrolls
 h - a scroll of immolation {unknown}
Comestibles
 g - a ration


   Skills:
 - Level 1.5 Fighting
 + Level 2.6 Short Blades
 - Level 2.0 Throwing
 - Level 1.5 Dodging
 + Level 6.2 Stealth


You couldn't memorise any spells.
You didn't know any spells.

Dungeon Overview and Level Annotations

Branches:
Dungeon (2/15)

Altars:


Innate Abilities, Weirdness & Mutations

You are very small and have problems with some larger weapons.
You are too small for most types of armour.
You have supernaturally acute eyesight. (SInv)
You are a herbivore.
You cover ground extremely quickly.
You need to consume almost no food.


Message History

The poisoned needle hits the hobgoblin.
The hobgoblin is poisoned.
The adder misses you.
Wield which item (- for none, * to show all)? (? for menu, Esc to quit)
a - a +2 dagger (weapon)
The adder misses you.
You closely miss the adder. The adder bites you.
You are poisoned.
The adder poisons you!
You hit the adder but do no damage.
You feel sick.
The goblin shouts!
The adder misses you.
You closely miss the adder.
You kill the hobgoblin!
The adder closely misses you.
You barely miss the adder. The adder bites you. The goblin closely misses you.
You hit the adder.
The adder is moderately wounded.
You feel sick. The adder completely misses you.
The goblin hits you but does no damage. The adder bites you.
You die...

..8 #> [.# #.
##..# #. #...# #.
#... #. #g.######
#. #)...$...
#g#######........
#.@S†(<..(...(...
#########........
##...#... #### #.


You could see an adder and a goblin.

Vanquished Creatures
  A ball python (D:1)
  A goblin (D:2)
  A hobgoblin (D:2)
  A jackal (D:1)
  A kobold (D:2)
  A bat (D:1)
6 creatures vanquished.

Notes
Turn   | Place    | Note
-------+----------+-------------------------------------------
     0 | D:1      | Ijustatesigmund the Spriggan Assassin began the quest for the Orb.
     0 | D:1      | Reached XP level 1. HP: 10/10 MP: 2/2
    10 | D:1      | Noticed an ogre
    80 | D:1      | Reached skill level 6 in Stealth
   325 | D:2      | Slain by an adder

Vault maps used:
D:1:      evilmike_arrival_come_back
D:2:      chequers_ecumenical_altar_lobes

Skill      XL: |  1 |
---------------+----+-----
Stealth        | 6 |  6.2
Fighting       | |  1.5
Short Blades   | |  2.6
Throwing       | |  2.0
Dodging        | |  1.5

Action                   || total
-------------------------++-------
Melee: Dagger            ||    28
 Fire: Blowgun           ||     4
Armor: Robe              ||     5
Dodge: Dodged            ||    40

Table legend:
 A = Spawn XP
 B = Non-spawn XP
 C = Spawn XP percentage of total XP
 D = Spawn monster count
 E = Non-spawn monster count
 F = Spawn count percentage of total count
 G = Total turns spent on level
                    A         B        C        D         E        F      G
               +---------+---------+-------+---------+---------+-------+---------
         Total |       0 |      11 |   0.0 |       0 |       6 |   0.0 |   325
               +---------+---------+-------+---------+---------+-------+---------
           D:1 |       0 |       5 |   0.0 |       0 |       3 |   0.0 |   110
           D:2 |       0 |       6 |   0.0 |       0 |       3 |   0.0 |   215
               +---------+---------+-------+---------+---------+-------+---------
